[Event "Early-Titled-Tuesday-Blitz-October-10-2023"]
[Site "Chess.com"]
[Date "2023.10.10"]
[Round "8"]
[White "chenrip"]
[Black "karinachess1"]
[Result "0-1"]
[WhiteElo "2486"]
[BlackElo "2622"]
[TimeControl "180+1"]
[EndTime "9:26:08 PDT"]
[Termination "karinachess1 won by resignation"]

1. e4 e5 2. Nf3 Nc6 3. d4 exd4 4. Nxd4 Bc5 5. Be3 Qf6 6. c3 Nge7 7. Bc4 O-O 8. O-O Bb6 9. Nxc6 bxc6 10. Bxb6 axb6 11.
Nd2 d6 12. Qf3 Qxf3 13. Nxf3 b5 14. Bb3 Ng6 15. Rfe1 Re8 16. Nd4 Bd7 17. Rad1 c5 18.
Nf3 c4 19. Bc2 Rxa2 20. e5 Rxb2 21. exd6 Rxe1+ 22. Nxe1 cxd6 23. Rxd6 Nf8 24. f3 f6 25. Be4 Kf7 26. Bd5+ Ke7 27. Rb6 Rb1 28. Kf2 Rc1 29. Ke3 Rxc3+ 30. Kd4 Rc1 0-1

[Event "Early-Titled-Tuesday-Blitz-October-10-2023"]
[Site "Chess.com"]
[Date "2023.10.10"]
[Round "8"]
[White "adotand"]
[Black "seopie"]
[Result "1-0"]
[WhiteElo "2884"]
[BlackElo "2791"]
[TimeControl "180+1"]
[EndTime "9:26:11 PDT"]
[Termination "adotand won by resignation"]

1. Nf3 Nf6 2. c4 e6 3. g3 d5 4.
Bg2 d4 5. O-O c5 6. d3 Nc6 7. e4 e5 8. Na3 Be7 9. Nc2 Bd7 10. Bd2 Rb8 11. Rb1 a5 12. Nh4 g6 13.
Nf3 O-O 14. Bh6 Re8 15. h3 Nh5 16. Qd2 Ng7 17. Rbe1 Qc7 18. Kh2 Nb4 19. Nxb4 axb4 20. Ng1 Ra8 21. b3 Be6 22. f4 exf4 23. Bxf4 Qd7 24.
Nf3 Nh5 25. Ne5 Qd8 26. Nf3 Nxf4 27. gxf4 Qc7 28. Kh1 Kh8 29. Ng5 Bxg5 30. fxg5 Qg3 31. Rf3 Qe5 32. Ref1 Kg7 33. R1f2 Rab8 34. Kg1 b5 35.
cxb5 Rxb5 36. h4 Ra5 37. Bh3 Bxh3 38. Rxh3 Rea8 39. Rhf3 R8a7 40. Qe2 Rxa2 41. Qxa2 Rxa2 42. Rxf7+ 1-0

[Event "Early-Titled-Tuesday-Blitz-October-10-2023"]
[Site "Chess.com"]
[Date "2023.10.10"]
[Round "8"]
[White "SaqoChess_Twitch"]
[Black "Beca95"]
[Result "0-1"]
[WhiteElo "2631"]
[BlackElo "2881"]
[TimeControl "180+1"]
[EndTime "9:26:11 PDT"]
[Termination "Beca95 won by resignation"]

1. d4 Nf6 2. c4 e6 3. Nc3 c5 4. e3 d5 5. cxd5 exd5 6. dxc5 Bxc5 7. Nf3 O-O 8. Be2 Nc6 9. O-O a6 10. a3 Ba7 11. b4 Qd6 12. Bb2 Bb8 13. g3 Bh3 14.
Re1 Re8 15. Na4 Ba7 16. Bxf6 Qxf6 17. Qxd5 Rad8 18. Qh5 Bf5 19. Rad1 Rxd1 20. Rxd1 Bc2 21.
Rd7 Bxa4 22. Ng5 Bc2 23. Bc4 Bg6 24. Rxf7 Qa1+ 25. Kg2 Bxh5 26. Rxb7+ Kh8 27. g4 Qf6 28. h4 Ne5 29. Bd5 Bxg4 30. f4 Bxe3 0-1

[Event "Early-Titled-Tuesday-Blitz-October-10-2023"]
[Site "Chess.com"]
[Date "2023.10.10"]
[Round "8"]
[White "wqws"]
[Black "Efremov_Vlad"]
[Result "1-0"]
[WhiteElo "2671"]
[BlackElo "2367"]
[TimeControl "180+1"]
[EndTime "9:26:11 PDT"]
[Termination "wqws won by resignation"]

1. e4 c5 2. Nf3 d6 3. d4 cxd4 4. Nxd4 Nf6 5. Nc3 a6 6. Bg5 e6 7. f4 h6 8. Bh4 Qb6 9. a3 Nbd7 10.
Bf2 Qc7 11. Qf3 b5 12. O-O-O Rb8 13. Bd3 b4 14. axb4 Rxb4 15. Rhe1 Bb7 16. Nd5 exd5 17. exd5+ Kd8 18. Nc6+ Bxc6 19. dxc6 Nb6 20. c3 Ra4 21. g4 Be7 22. Rxe7 Kxe7 23. Qe3+ Kd8 24. Qxb6 Qxb6 25. Bxb6+ Kc8 26. Bf5+ Kb8 27. Rxd6 1-0

[Event "Early-Titled-Tuesday-Blitz-October-10-2023"]
[Site "Chess.com"]
[Date "2023.10.10"]
[Round "8"]
[White "VincentKeymer"]
[Black "BlueWizzard"]
[Result "1-0"]
[WhiteElo "3096"]
[BlackElo "2918"]
[TimeControl "180+1"]
[EndTime "9:26:12 PDT"]
[Termination "VincentKeymer won on time"]

1. Nf3 g6 2. c4 c5 3. Nc3 Bg7 4.
g3 Nh6 5. d4 cxd4 6. Nxd4 Nc6 7. Nc2 Nf5 8. Bg2 b6 9. O-O Bb7 10. e4 Nfd4 11. Ne3 O-O 12. Qd2 Rc8 13. b3 Ne5 14. f4 Nec6 15. Bb2 d6 16. Rad1 e5 17. f5 Bh6 18. Qf2 f6 19. Ncd5 Bg7 20. h4 a6 21.
Bh3 Rb8 22. fxg6 hxg6 23. h5 f5 24. hxg6 fxe4 25. Qg2 Rf3 26. Bg4 Rxf1+ 27. Rxf1 Qg5 28. Qxe4 Bc8 29. Bxd4 Bxg4 30. Nxg4 Nxd4 31. Rf7 Qc1+ 32. Kg2 Qd2+ 33. Kh3 1-0

[Event "Early-Titled-Tuesday-Blitz-October-10-2023"]
[Site "Chess.com"]
[Date "2023.10.10"]
[Round "8"]
[White "Willi_Skibbe"]
[Black "FischerKasparow"]
[Result "1-0"]
[WhiteElo "2210"]
[BlackElo "2125"]
[TimeControl "180+1"]
[EndTime "9:26:14 PDT"]
[Termination "Willi_Skibbe won by resignation"]

1. e4 c5 2. Nf3 d6 3. Bc4 Nf6 4. d3 e6 5. c3 Be7 6. O-O a6 7. Bb3 b5 8. Nbd2 Bb7 9. Re1 O-O 10. d4 cxd4 11. cxd4 Nbd7 12. Bc2 Rc8 13. Nf1 d5 14. e5 Ne4 15. Ng3 Nxg3 16. hxg3 b4 17. Qd3 g6 18.
Bh6 Re8 19. Rec1 a5 20. Ba4 Bf8 21. Be3 Bg7 22. Qb5 Rxc1+ 23. Rxc1 Bc8 24. Rxc8 Qxc8 25.
Qxd7 Qxd7 26. Bxd7 Rd8 27. Ba4 Bf8 28. g4 h6 29. Kf1 Kg7 30. Ke2 Be7 31. Kd3 f6 32. exf6+ Bxf6 33. Bf4 Rc8 34. Kd2 g5 35. Be5 Bxe5 36.
Nxe5 Kf6 37. f3 Rh8 38. Bc2 h5 39. gxh5 Rxh5 40. Bd3 Rh2 41. Ng4+ 1-0

[Event "Early-Titled-Tuesday-Blitz-October-10-2023"]
[Site "Chess.com"]
[Date "2023.10.10"]
[Round "8"]
[White "Juicy_Fork"]
[Black "parintele_chess"]
[Result "0-1"]
[WhiteElo "2451"]
[BlackElo "2276"]
[TimeControl "180+1"]
[EndTime "9:26:15 PDT"]
[Termination "parintele_chess won on time"]

1. e4 e5 2. Nf3 Nc6 3. Bb5 a6 4. Ba4 Nf6 5. O-O Be7 6. Re1 b5 7. Bb3 O-O 8. a4 Bb7 9. c3 d5 10. exd5 Nxd5 11. d3 Bc5 12. Nbd2 Nf4 13. Ne4 Nxd3 14.
Nxc5 Nxc5 15. Bc2 Qxd1 16. Rxd1 e4 17. Nd4 Nxd4 18. cxd4 Nxa4 19. Bxa4 bxa4 20. Rxa4 Rad8 21. Be3 f5 22. g3 c5 23. Rc4 cxd4 24. Rdxd4 Bd5 0-1

[Event "Early-Titled-Tuesday-Blitz-October-10-2023"]
[Site "Chess.com"]
[Date "2023.10.10"]
[Round "8"]
[White "TigrVShlyape"]
[Black "Doomfist26"]
[Result "1-0"]
[WhiteElo "2938"]
[BlackElo "2637"]
[TimeControl "180+1"]
[EndTime "9:26:20 PDT"]
[Termination "TigrVShlyape won by checkmate"]

1. e4 e6 2. d4 d5 3. Nc3 Nf6 4. e5 Nfd7 5. f4 c5 6. Nf3 Nc6 7. Ne2 Be7 8. c3 f6 9. g3 cxd4 10. cxd4 fxe5 11. dxe5 O-O 12. Be3 Qa5+ 13. Qd2 Bb4 14.
Nc3 Nc5 15. Bd3 d4 16. Nxd4 Nxd4 17. Bxd4 Nxd3+ 18. Qxd3 Rd8 19. O-O-O Bd7 20. Kb1 Bc6 21. Rhe1 Rac8 22. a3 Bb5 23. Nxb5 Bxe1 24. Nd6 Rc6 25. Qb3 Rcxd6 26. exd6 Rxd6 27. Be5 Rxd1+ 28. Qxd1 Qd2 29. Qa4 Qd3+ 30. Ka1 b5 31. Qxa7 Qd1+ 32. Ka2 Qd5+ 33. b3 b4 34. Qxg7# 1-0

[Event "Early-Titled-Tuesday-Blitz-October-10-2023"]
[Site "Chess.com"]
[Date "2023.10.10"]
[Round "8"]
[White "IngOscarArdila"]
[Black "Happy1712Drummer"]
[Result "1-0"]
[WhiteElo "2324"]
[BlackElo "2356"]
[TimeControl "180+1"]
[EndTime "9:26:23 PDT"]
[Termination "IngOscarArdila won by resignation"]

1. d4 d5 2. c4 e6 3. Nc3 c5 4.
cxd5 exd5 5. Nf3 Nc6 6. Bg5 Be7 7. Bxe7 Ngxe7 8. e3 c4 9. Be2 O-O 10. O-O Bf5 11. b3 cxb3 12. Qxb3 b6 13. Bb5 Rc8 14. Rac1 Na5 15. Qa3 h6 16. Ne5 f6 17. Nf3 Bg6 18.
Ba6 Rc7 19. Nb5 Rxc1 20. Rxc1 Nc4 21. Qb4 Nc6 22. Qc3 Be4 23. Nd2 Nxd2 24. Qxd2 Na5 25.
Rc7 Rf7 26. Rc8 Qxc8 27. Bxc8 Kh7 28. f3 Bg6 29. Be6 Re7 30. Bxd5 a6 31. Na3 Rc7 32. Be4 Bxe4 33. fxe4 h5 34. d5 Rd7 35. Qb4 Nb7 36.
Qxb6 Nd6 37. Qc6 Rd8 38. Qc7 1-0

[Event "Early-Titled-Tuesday-Blitz-October-10-2023"]
[Site "Chess.com"]
[Date "2023.10.10"]
[Round "8"]
[White "Eloist"]
[Black "cristiano78"]
[Result "1-0"]
[WhiteElo "2436"]
[BlackElo "2241"]
[TimeControl "180+1"]
[EndTime "9:26:23 PDT"]
[Termination "Eloist won by resignation"]

1. e4 c5 2. Nf3 d6 3. Bb5+ Bd7 4. Bxd7+ Qxd7 5. c4 Nc6 6. d4 cxd4 7. Nxd4 g6 8. Nc3 Bg7 9. Be3 Nf6 10. f3 O-O 11.
O-O b6 12. Qd2 Rac8 13. b3 Ne8 14.
Rad1 Nc7 15. Nde2 Ne6 16. f4 f5 17. e5 Rfd8 18. exd6 Qxd6 19. Qxd6 Rxd6 20. Rxd6 exd6 21. Rd1 Rd8 22. Nb5 Bf8 23. Kf2 Kf7 24. h3 Be7 25. g4 Nc5 26. Ng3 fxg4 27. hxg4 a6 28. Nc3 Nd7 29.
Kf3 Rb8 30. Nce4 b5 31. cxb5 axb5 32. Nxd6+ Kf8 33. Nxb5 Rxb5 34. Rxd7 Ra5 35. a4 Nd8 36. Bb6 Ra8 37. Ne4 Ne6 38. a5 Ke8 39. Rb7 Rc8 40. f5 gxf5 41. gxf5 Ng5+ 42. Nxg5 Bxg5 43. a6 Rc3+ 44. Kg4 Rxb3 45. a7 1-0

[Event "Early-Titled-Tuesday-Blitz-October-10-2023"]
[Site "Chess.com"]
[Date "2023.10.10"]
[Round "8"]
[White "Riku-gan"]
[Black "MITerryble"]
[Result "0-1"]
[WhiteElo "2841"]
[BlackElo "3018"]
[TimeControl "180+1"]
[EndTime "9:26:25 PDT"]
[Termination "MITerryble won by resignation"]

1. e4 e6 2. d4 d5 3. Nc3 Nf6 4. e5 Nfd7 5. Qg4 c5 6. Nb5 g6 7. Bg5 Qa5+ 8. c3 Nc6 9. Nf3 a6 10. Nd6+ Bxd6 11. exd6 O-O 12. h4 f5 13. Qf4 cxd4 14.
Nxd4 e5 15. Nxc6 bxc6 16. Qd2 Nf6 17. f3 Qc5 18. h5 f4 19. hxg6 hxg6 20. Rh6 Bf5 21.
g4 fxg3 22. Bh3 Qg1+ 23. Ke2 Qf2+ 24. Kd1 Qxf3+ 25. Kc1 Ne4 26. Bxf5 Rxf5 27. Rxg6+ Kf7 0-1

[Event "Early-Titled-Tuesday-Blitz-October-10-2023"]
[Site "Chess.com"]
[Date "2023.10.10"]
[Round "8"]
[White "stratacticos"]
[Black "LeoWin2012"]
[Result "0-1"]
[WhiteElo "1789"]
[BlackElo "2306"]
[TimeControl "180+1"]
[EndTime "9:26:25 PDT"]
[Termination "LeoWin2012 won by resignation"]

1. b4 d6 2. d4 b5 3. e4 a6 4. a4 bxa4 5. c4 Bb7 6. Nc3 Nf6 7. d5 e5 8. Qxa4+ Nbd7 9. Bd3 Be7 10. Nge2 O-O 11. O-O Qc8 12. f4 exf4 13. Bxf4 Ne5 14.
Bxe5 dxe5 15. c5 Qg4 16. h3 Qg5 17. Rf3 Bc8 18. Raf1 Nh5 19. Qd1 a5 20. Nb5 axb4 21. Nxc7 Bxc5+ 22. Kh1 Ra2 23. Bc4 Rxe2 24. Qxe2 Ng3+ 25.
Rxg3 Qxg3 26. Rf3 Qg5 27. Qf1 Qd2 28. d6 Kh8 29. Rxf7 Rxf7 30. Qxf7 Qe1+ 31. Bf1 h6 32. Ne6 Bxe6 33. Qf8+ Kh7 0-1

[Event "Early-Titled-Tuesday-Blitz-October-10-2023"]
[Site "Chess.com"]
[Date "2023.10.10"]
[Round "8"]
[White "AnaKuchava"]
[Black "arenal72"]
[Result "0-1"]
[WhiteElo "2254"]
[BlackElo "2413"]
[TimeControl "180+1"]
[EndTime "9:26:28 PDT"]
[Termination "arenal72 won on time"]

1. d4 g6 2. c4 Bg7 3. Nc3 Nf6 4. e4 d6 5. Nf3 O-O 6. Be2 c5 7. d5 e6 8. O-O exd5 9. exd5 Nbd7 10. Bf4 Ne8 11. Re1 Ne5 12. h3 Qf6 13. Qd2 Qf5 14.
g4 Qd7 15. Bh6 a6 16. Bxg7 Kxg7 17. Qf4 f6 18. a4 g5 19. Nxg5 fxg5 20. Qxg5+ Kh8 21.
f4 Ng6 22. Rf1 Qe7 23. Qh6 Qg7 24. Qg5 Qd4+ 25. Kh1 Qf6 26. Qxf6+ Nxf6 27. Bd3 Bd7 28. Rae1 Rae8 0-1

[Event "Early-Titled-Tuesday-Blitz-October-10-2023"]
[Site "Chess.com"]
[Date "2023.10.10"]
[Round "8"]
[White "YairParkhov"]
[Black "CraiggoryC"]
[Result "1-0"]
[WhiteElo "2519"]
[BlackElo "2257"]
[TimeControl "180+1"]
[EndTime "9:26:31 PDT"]
[Termination "YairParkhov won on time"]

1. e4 e6 2. Nf3 d5 3. e5 c5 4.
c4 Nc6 5. Nc3 Nh6 6. cxd5 exd5 7.
Bb5 Nf5 8. Qa4 d4 9. Ne4 Bd7 10. Qc4 Rc8 11. O-O Be7 12. d3 O-O 13. Bg5 Nxe5 14.
Nxe5 Bxb5 15. Qxb5 Bxg5 16. Nd7 Re8 17. Ndxc5 Qd5 18. Qxb7 Rxc5 19. Qxd5 Rxd5 20. Nxg5 1-0

[Event "Early-Titled-Tuesday-Blitz-October-10-2023"]
[Site "Chess.com"]
[Date "2023.10.10"]
[Round "8"]
[White "Treasurechess777"]
[Black "FoxOnTheRun97"]
[Result "0-1"]
[WhiteElo "2395"]
[BlackElo "2535"]
[TimeControl "180+1"]
[EndTime "9:26:32 PDT"]
[Termination "FoxOnTheRun97 won on time"]

1. Nf3 c6 2. b3 d5 3. Bb2 Nf6 4. d4 Bf5 5. e3 e6 6. Bd3 Bg6 7.
Ne5 Nbd7 8. f4 Be4 9. O-O Be7 10.
Nd2 Bxd3 11. cxd3 a5 12. a3 Qb6 13. g4 Nxe5 14. fxe5 Nd7 15. Qf3 Rf8 16. Kh1 a4 17. b4 O-O-O 18. Qd1 Qb5 19. Nb1 Qa6 20. Nc3 b5 21. e4 Nb6 22. Rc1 Kb7 23. Rc2 Qa8 24. Qc1 Qc8 25. Nxb5 Qd7 26. Nc3 f6 27. Rd1 fxe5 28.
dxe5 Rf3 29. exd5 exd5 30. d4 Qxg4 31. Rg2 Qh5 32. Rxg7 Rf7 33. Rxf7 Qxf7 34. b5 Qf3+ 0-1

[Event "Early-Titled-Tuesday-Blitz-October-10-2023"]
[Site "Chess.com"]
[Date "2023.10.10"]
[Round "8"]
[White "Quattroporte300"]
[Black "almaguerjm"]
[Result "0-1"]
[WhiteElo "2374"]
[BlackElo "2511"]
[TimeControl "180+1"]
[EndTime "9:26:34 PDT"]
[Termination "almaguerjm won by resignation"]

1. e4 e5 2. Nf3 Nc6 3. Bc4 Nf6 4.
d3 Bc5 5. O-O h6 6. c3 a5 7. d4 Ba7 8. Nxe5 O-O 9. Nxc6 dxc6 10.
e5 Nd5 11. Qh5 f5 12. Qg6 Qe8 13. Qxe8 Rxe8 14. Nd2 Be6 15. Nf3 b5 16. Bd3 g5 17. Re1 Rab8 18. a3 c5 19. Bd2 c4 20.
Bc2 Kf7 21. b3 Nb6 22. Rab1 c6 23. h4 g4 24. Nh2 Kg7 25. f3 cxb3 26. Bxb3 Bxb3 27.
Rxb3 Nc4 28. Bc1 Nxe5 29. Kf1 g3 30. Bf4 gxh2 31. Bxh2 Nd3 32. Rd1 Re3 33. Bxb8 Bxb8 34. c4 bxc4 35. Rxb8 c3 36. Rb7+ Kg8 37. Rb3 c2 38.
Rbxd3 Rxd3 39. Rc1 Rd1+ 0-1

[Event "Early-Titled-Tuesday-Blitz-October-10-2023"]
[Site "Chess.com"]
[Date "2023.10.10"]
[Round "8"]
[White "WindWhistler11"]
[Black "DTChess"]
[Result "1-0"]
[WhiteElo "2491"]
[BlackElo "2618"]
[TimeControl "180+1"]
[EndTime "9:26:35 PDT"]
[Termination "WindWhistler11 won by resignation"]

1. Nf3 Nf6 2. g3 g6 3. d3 Bg7 4. Nbd2 O-O 5. Bg2 b6 6. O-O Bb7 7. e4 d6 8. a4 a5 9. Re1 e5 10. c3 Nc6 11. Qc2 Qd7 12. Nc4 Rad8 13. Bg5 h6 14.
Bd2 Rfe8 15. Rad1 Kh7 16. Ne3 Ne7 17. h4 c5 18. Qb3 Nc8 19. Kh2 d5 20. Bh3 Qc7 21.
exd5 e4 22. dxe4 Nxe4 23. Kg1 Ncd6 24. c4 Nxd2 25. Nxd2 Re7 26. h5 Rde8 27. Qc2 Bc8 28. Bxc8 Qxc8 29. hxg6+ fxg6 30. Ng2 Nf5 31. Nf3 Bd4 32.
Rxe7+ Rxe7 33. Nf4 Qe8 34. g4 Ng3 35. Nxd4 cxd4 36.
fxg3 Re1+ 37. Rxe1 Qxe1+ 38. Kg2 Qe8 39. Kf3 Qe3+ 40.
Kg2 Qe8 41. Qxg6+ Qxg6 42. Nxg6 Kxg6 43. Kf3 Kf6 44. Ke4 d3 45. Kxd3 Ke5 46. b3 Kd6 47. Kd4 Ke7 48. Ke5 Kd7 49. d6 1-0

[Event "Early-Titled-Tuesday-Blitz-October-10-2023"]
[Site "Chess.com"]
[Date "2023.10.10"]
[Round "8"]
[White "DvaHrasta"]
[Black "nitpicker"]
[Result "1-0"]
[WhiteElo "2440"]
[BlackElo "2266"]
[TimeControl "180+1"]
[EndTime "9:26:35 PDT"]
[Termination "DvaHrasta won on time"]

1. c4 e5 2. g3 Nf6 3. Bg2 d5 4. cxd5 Nxd5 5. Nf3 Nc6 6. O-O Be7 7. d4 e4 8. Ne5 Nf6 9. Nxc6 bxc6 10. Qc2 O-O 11. Rd1 Bf5 12. Qxc6 Qd5 13. Qxc7 Bd6 14. Qc3 Rac8 15. Qb3 Qc6 16. Nc3 Rb8 17. Qa4 Qb7 18. Bg5 Nd7 19. b3 h6 20. Bf4 Bxf4 21. gxf4 Rfe8 22. Rac1 Qc7 23. Nd5 Qd6 24. Qc6 Rb6 25.
Qxd6 Rxd6 26. Ne3 Bh7 27. d5 f5 28. Rc6 Rxc6 29. dxc6 Nb6 30. a4 Rc8 31. a5 Na8 32.
Rd6 Kf8 33. f3 exf3 34. Bxf3 Nc7 35. Nc4 Nb5 36. Rd5 Bg6 37. Rxb5 1-0

[Event "Early-Titled-Tuesday-Blitz-October-10-2023"]
[Site "Chess.com"]
[Date "2023.10.10"]
[Round "8"]
[White "DonCiao"]
[Black "lamomiajunior"]
[Result "0-1"]
[WhiteElo "2086"]
[BlackElo "2687"]
[TimeControl "180+1"]
[EndTime "9:26:42 PDT"]
[Termination "lamomiajunior won on time"]

1. c4 Nf6 2. g3 e6 3. Bg2 d5 4.
Nf3 dxc4 5. Qa4+ Nbd7 6. Qxc4 a6 7. Qc2 c5 8. Nc3 Bd6 9. O-O O-O 10. d3 Rb8 11. a4 b5 12. axb5 axb5 13. e4 Qc7 14.
Re1 Ng4 15. d4 cxd4 16. Nxd4 b4 17. Nce2 Qb6 18. h3 Nxf2 19. Kxf2 e5 20. Be3 exd4 21. Bxd4 Bc5 22. Bxc5 Nxc5 23. Kf1 Be6 24. Nd4 Rfd8 25. Nxe6 Nxe6 26. Qf2 Qb5+ 27. Kg1 Qe5 28. Ra7 f6 29. Kh2 Rbc8 30. Qf5 Rc2 31. Re7 Qxf5 32. exf5 Nd4 33.
Re8+ Rxe8 34. Rxe8+ Kf7 35. Rb8 Nf3+ 36. Kh1 Rc1+ 37.
Bf1 Nd2 38. Kg2 Nxf1 39. Rxb4 Ne3+ 0-1

[Event "Early-Titled-Tuesday-Blitz-October-10-2023"]
[Site "Chess.com"]
[Date "2023.10.10"]
[Round "8"]
[White "kreonx"]
[Black "AleksandrAleksikov"]
[Result "1-0"]
[WhiteElo "2460"]
[BlackElo "2233"]
[TimeControl "180+1"]
[EndTime "9:26:44 PDT"]
[Termination "kreonx won on time"]

1. e4 c5 2. Nc3 Nc6 3. g3 g6 4. Bg2 Bg7 5. d3 e6 6. Be3 Nd4 7. Qd2 d6 8. Nd1 b6 9. c3 Nc6 10. Ne2 Bb7 11. h3 Qd7 12. d4 Nge7 13. Bh6 Bxh6 14. Qxh6 O-O-O 15. Qd2 cxd4 16. cxd4 d5 17. e5 Kb8 18. Ne3 h5 19. O-O-O Ba6 20. Kb1 Rdf8 21.
f4 f6 22. exf6 Rxf6 23. h4 Nf5 24. Nxf5 gxf5 25. Bf3 Rg6 26. Rhg1 Qg7 27. Nc3 Rxg3 28. Qe3 Rxg1 29. Rxg1 Qf6 30. Rg5 Nxd4 31. Bxh5 Bc8 32. Rg6 Qf8 33. Qxd4 Rxh5 34. Qe5+ Ka8 35. Rg7 Bb7 36.
Nb5 1-0

[Event "Early-Titled-Tuesday-Blitz-October-10-2023"]
[Site "Chess.com"]
[Date "2023.10.10"]
[Round "8"]
[White "Irina_Mikhaylova"]
[Black "mortngabriel"]
[Result "1-0"]
[WhiteElo "2314"]
[BlackElo "2497"]
[TimeControl "180+1"]
[EndTime "9:26:44 PDT"]
[Termination "Irina_Mikhaylova won by resignation"]

1. d4 Nf6 2. Nf3 e6 3. c4 b6 4. a3 Bb7 5. Nc3 d5 6. cxd5 Nxd5 7. Bd2 Be7 8. Qc2 Nxc3 9. Bxc3 O-O 10. Rd1 Nd7 11. e4 Qc8 12. Bc4 Ba6 13. Bxa6 Qxa6 14.
Qe2 Qxe2+ 15. Kxe2 c5 16. Rd2 cxd4 17. Bxd4 Rfd8 18.
Rhd1 Nf6 19. Bxf6 Bxf6 20. Rxd8+ Rxd8 21. Rxd8+ Bxd8 22. Nd4 Bf6 23. Kd3 Kf8 24. b3 Ke8 25.
Nc6 a6 26. Kc4 Bb2 27. a4 Ba3 28. b4 Kd7 29. Ne5+ Ke7 30. Nd3 a5 31. bxa5 bxa5 32. Kb5 Kd6 33. Kxa5 f5 34. f3 fxe4 35. fxe4 Kc6 36.
Ka6 g5 37. g4 h6 38. a5 Bd6 39. h3 Bb8 40. e5 Bc7 41. Nb4+ Kc5 42. Kb7 Bxe5 43.
a6 Kxb4 44. a7 1-0

[Event "Early-Titled-Tuesday-Blitz-October-10-2023"]
[Site "Chess.com"]
[Date "2023.10.10"]
[Round "8"]
[White "c63_amg"]
[Black "combidharma"]
[Result "1-0"]
[WhiteElo "2810"]
[BlackElo "2667"]
[TimeControl "180+1"]
[EndTime "9:26:45 PDT"]
[Termination "c63_amg won by checkmate"]

1. e4 c5 2. Nf3 Nc6 3. Bb5 g6 4. c3 Bg7 5. d4 cxd4 6. cxd4 d5 7. exd5 Qxd5 8. Nc3 Qh5 9. d5 a6 10. Ba4 b5 11. dxc6 bxa4 12. Nd5 Be5 13. Nxe5 Qxe5+ 14. Be3 Nf6 15. Nb6 Rb8 16. c7 Qxc7 17. Rc1 Qb7 18. Nxc8 Rxc8 19. Qxa4+ Nd7 20. Rd1 Rd8 21. O-O O-O 22. Bh6 Rfe8 23. Qd4 e5 24. Qh4 f6 25. Qc4+ Kh8 26. Qf7 Nc5 27. Bg7# 1-0

[Event "Early-Titled-Tuesday-Blitz-October-10-2023"]
[Site "Chess.com"]
[Date "2023.10.10"]
[Round "8"]
[White "kidagent"]
[Black "santosalberto1987"]
[Result "1-0"]
[WhiteElo "2268"]
[BlackElo "2448"]
[TimeControl "180+1"]
[EndTime "9:26:45 PDT"]
[Termination "kidagent won by checkmate"]

1. c4 c6 2. Nf3 d5 3. g3 Nf6 4.
Bg2 Bf5 5. O-O e6 6. d3 Nbd7 7.
Nbd2 h6 8. Re1 Bh7 9. a3 a5 10.
e4 dxe4 11. dxe4 Nc5 12. e5 Nfd7 13. Nb3 a4 14. Nbd4 Be7 15. Bd2 Nd3 16. Re3 Nxb2 17.
Qe2 Nc5 18. Bc3 Nbd3 19. Rd1 O-O 20. Bf1 Qc7 21. Qa2 Rfd8 22. Bxd3 Nxd3 23. Rexd3 Bxd3 24. Rxd3 Rd7 25. Rd2 Rad8 26. Ne2 Rxd2 27. Nxd2 Bc5 28. Ne4 Bb6 29. c5 Ba5 30. Nd6 b5 31. Qd2 Bxc3 32. Nxc3 Qa5 33. Qd4 Rb8 34. Na2 Qe1+ 35. Kg2 Qb1 36.
Nb4 Rf8 37. Nxc6 Qb3 38. Qb4 Qd5+ 39. Qe4 Qxc5 40. Ne7+ Kh8 41. Qf4 Kh7 42. Qe4+ g6 43.
Qf4 Qxa3 44. Nxf7 Qxe7 45. Qxh6+ Kg8 46. Qxg6# 1-0

[Event "Early-Titled-Tuesday-Blitz-October-10-2023"]
[Site "Chess.com"]
[Date "2023.10.10"]
[Round "8"]
[White "astralpulse"]
[Black "ContrVersia"]
[Result "1-0"]
[WhiteElo "2724"]
[BlackElo "2877"]
[TimeControl "180+1"]
[EndTime "9:26:47 PDT"]
[Termination "astralpulse won by resignation"]

1. d4 Nf6 2. Nf3 c5 3. e3 g6 4. c3 b6 5. Bd3 Bb7 6. Nbd2 d5 7.
Ne5 Bg7 8. O-O O-O 9. f4 Ba6 10. Qe2 Bxd3 11. Qxd3 Qc7 12. b3 Nbd7 13. Bb2 Rac8 14.
Rac1 Qb7 15. c4 Rfd8 16. cxd5 Qxd5 17. Ndf3 cxd4 18. Bxd4 Nxe5 19. Nxe5 Ne4 20. Qa6 Bxe5 21. Rxc8 Bxd4 22. Rxd8+ Qxd8 23. Qd3 Bxe3+ 24. Qxe3 f5 25. h3 Qd5 26. Kh2 h5 27. Qe2 Qd6 28. Qe3 h4 29. Rf3 Kf7 30. Qd3 Qc5 31. Qc4+ Qxc4 32. bxc4 Nd6 33. Rc3 Ke6 34. c5 Ne4 35. cxb6 axb6 36.
Rb3 1-0

[Event "Early-Titled-Tuesday-Blitz-October-10-2023"]
[Site "Chess.com"]
[Date "2023.10.10"]
[Round "8"]
[White "kleopl"]
[Black "DanielTitichoca"]
[Result "1/2-1/2"]
[WhiteElo "2479"]
[BlackElo "2626"]
[TimeControl "180+1"]
[EndTime "9:26:47 PDT"]
[Termination "Game drawn by repetition"]

1. e4 e5 2. Nf3 Nc6 3. c3 d6 4.
d4 Bg4 5. Be2 g6 6. h3 Bxf3 7.
Bxf3 Bg7 8. Be3 Nf6 9. O-O O-O 10. Re1 d5 11. exd5 Nxd5 12. Bxd5 Qxd5 13. dxe5 Qxd1 14.
Rxd1 Nxe5 15. Na3 Rad8 16. Kf1 a6 17. Ke2 Rfe8 18. Rxd8 Rxd8 19. Rd1 Re8 20. Rd5 f5 21. Kd2 c6 22. Rd4 Bf8 23. Nc2 b5 24. Kc1 Nc4 25. Rd7 Nxe3 26. Nxe3 Bh6 27. Kd2 Bg5 28. Kd3 c5 29. c4 Bxe3 30. fxe3 bxc4+ 31. Kd2 Rb8 32. Kc3 Re8 33. Kd2 Rb8 34. Kc3 Re8 35. Kd2 1/2-1/2

[Event "Early-Titled-Tuesday-Blitz-October-10-2023"]
[Site "Chess.com"]
[Date "2023.10.10"]
[Round "8"]
[White "NovozhilovSemen"]
[Black "CSB7"]
[Result "1-0"]
[WhiteElo "2631"]
[BlackElo "2745"]
[TimeControl "180+1"]
[EndTime "9:26:48 PDT"]
[Termination "NovozhilovSemen won by resignation"]

1. d4 Nf6 2. Nf3 g6 3. Nc3 d5 4. Bf4 Bg7 5. Nb5 Na6 6. e3 O-O 7.
Be2 c6 8. Nc3 Nc7 9. Ne5 Nd7 10. h4 f6 11. Nxd7 Bxd7 12. h5 e5 13. Bg3 Ne6 14. hxg6 hxg6 15. Qd3 e4 16. Qd2 f5 17.
Bd6 Rf7 18. f3 Be8 19. Bg3 Qg5 20. Bf2 Qxg2 21. Rg1 Qh2 22. Rxg6 Rf6 23. Rxf6 Bxf6 24. fxe4 fxe4 25. Bg4 Ng5 26. O-O-O Bh5 27. Bxh5 Qxh5 28.
Ne2 Be7 29. Nf4 Qh2 30. Rg1 Kf7 31. Rf1 Nf3 32. Qa5 b6 33. Qc3 Rc8 34. Qb3 Qh4 35.
Bxh4 1-0

[Event "Early-Titled-Tuesday-Blitz-October-10-2023"]
[Site "Chess.com"]
[Date "2023.10.10"]
[Round "8"]
[White "Zq1"]
[Black "Andrei_Skvortsov"]
[Result "1/2-1/2"]
[WhiteElo "2520"]
[BlackElo "2689"]
[TimeControl "180+1"]
[EndTime "9:26:48 PDT"]
[Termination "Game drawn by stalemate"]

1. d4 d5 2. c4 dxc4 3. e3 Nf6 4. Bxc4 e6 5. Nf3 c5 6. O-O a6 7.
dxc5 Bxc5 8. Qxd8+ Kxd8 9. Nc3 Ke7 10. a3 b5 11. Be2 Bb7 12. b4 Bd6 13. Bd2 Nbd7 14. a4 Bxb4 15. axb5 axb5 16. Nd4 Rxa1 17. Rxa1 Ra8 18. Rb1 Bc5 19. Ndxb5 Ne4 20. Nxe4 Bxe4 21. Rd1 Ne5 22. Bc3 Nc6 23. Bxg7 Rg8 24. Bd4 Rxg2+ 25. Kf1 Nxd4 26. Nxd4 Rxh2 27. f3 Rh1+ 28. Kf2 Rxd1 29. Bxd1 Bd5 30. Ne2 Kf6 31. Nf4 Bc6 32. Bc2 h6 33. Ke2 Kg5 34. Nd3 Bd6 35. f4+ Kg4 36. Kf2 f6 37. Bd1+ Kh4 38. Bf3 Bxf3 39. Kxf3 Kh5 40. e4 Kg6 41. Ne1 h5 42. Ng2 Be7 43. f5+ exf5 44. Nh4+ Kg5 45. Nxf5 Bf8 46. Ne3 h4 47. Nd5 Bd6 48. Nxf6 Kxf6 49. e5+ Bxe5 50. Kg2 Kg5 51. Kh1 Kg4 52. Kg1 Kh3 53. Kh1 Bd4 1/2-1/2